 Dungeon Crawl Stone Soup version 0.31-a0-636-ge1c0e020e0 (webtiles) character file.

Game seed: 627126486800863316

35 demibob the Poker (level 3, -8/27 HPs)
             Began as a Demonspawn Gladiator on Aug 27, 2023.
             Mangled by a gnoll
             ... wielding a +0 flail
              (10 damage)
             ... on level 1 of the Dungeon.
             The game lasted 00:01:01 (773 turns).

demibob the Poker (Demonspawn Gladiator)             Turns: 773, Time: 00:01:02

Health: -8/27      AC: 10    Str: 14    XL:     3   Next: 16%
Magic:  3/3        EV: 12    Int:  9    God:
Gold:   58         SH:  0    Dex: 16    Spells: 2/2 levels left

rFire   . . .        a - +0 trident
rCold   . . .        (no shield)
rNeg    . . .        b - +0 leather armour
rPois   .            c - +0 helmet
rElec   .            (no cloak)
rCorr   .            (no gloves)
SInv    .            (no boots)
Will    .....        (no amulet)
Stlth   +            T - +4 ring of protection
HPRegen 0.24/turn    (no ring)
MPRegen 0.08/turn

%: no passive effects
@: attractive
A: slimy green scales 1, powered by pain 1
a: no special abilities


You were on level 1 of the Dungeon.
You visited 1 branch of the dungeon, and saw 2 of its levels.

You collected 58 gold pieces.


Innate Abilities, Weirdness & Mutations

You are partially covered in slimy green scales. (AC +2)
You sometimes gain a little power by taking damage.


   Skills:
 - Level 2.0 Fighting
 + Level 3.9 Polearms
 - Level 1.7 Throwing
 - Level 2.6 Dodging


You had 2 spell levels left.
You didn't know any spells.
Your spell library contained the following spells:

 Spells                   Type           Power      Damage    Failure   Level
 Apportation              Tloc           0%         N/A       45%         1
 Summon Small Mammal      Summ           0%         N/A       45%         1
 Call Canine Familiar     Summ           0%         N/A       83%         3
 Summon Guardian Golem    Hex/Summ       0%         N/A       83%         3
 Alistair's Intoxication  Tmut/Pois      0%         N/A       100%        5

Inventory:

Hand Weapons
 a - a +0 trident (weapon)
Missiles
 d - 3 throwing nets (quivered) {=f}
 e - a javelin
Armour
 b - a +0 leather armour (worn)
 c - a +0 helmet (worn)
Jewellery
 T - a +4 ring of protection (left hand)
Scrolls
 f - a scroll of noise {unknown}
 i - 3 scrolls of immolation {unknown}
 k - a scroll of enchant armour {unknown}
Potions
 g - a potion of haste {unknown}

Dungeon Overview and Level Annotations

Branches:
Dungeon (2/15)

Altars:

Shops:
D:1

?! ########.##########..#
#.##...▒. ##...................#
#.##..8▒⌠ ..#..........##......#
#.##..... .###.##..##.####.#..##
#.##...▒▒ ..#.###..##.#
#.#..#####.##..... ##.## #..##.##
#.#.........#8.... ##.#
#..#.#.###J#.############## ##.#
#...###.##g#.# #.#.... ##.#
#.##.#..##@#.# #.#..#. #.#
#.###.#.##.#.# #.#..#. #.# #.#
#.#.##.#.# #.#..#.
#.####.###.#......########.#..#.
#..........#..###..........#..#.
######........# #.##########..#.
###########.#..###.####........#.
......# #.###...................
#####.# ##.#.##.######.######.##


You could see a gnoll and an endoplasm.


Message History

The gnoll attacks as it pursues you! The gnoll hits you with a +0 flail.
* * * LOW HITPOINT WARNING * * *
There is a stone staircase leading up here.
The gnoll hits you with a +0 flail.
* * * LOW HITPOINT WARNING * * *
You climb upwards.
There is a stone staircase leading down here.
It was a potion of attraction.
You feel attractive to monsters. The gnoll barely misses you.
It was a potion of curing.
You feel better. The gnoll barely misses you.
The endoplasm is attracted toward you.
You closely miss the gnoll.
The gnoll is moderately wounded.
The gnoll hits you with a +0 flail.
* * * LOW HITPOINT WARNING * * *
You closely miss the gnoll.
The gnoll is moderately wounded.
The gnoll barely misses you.
You hit the gnoll but do no damage.
The gnoll is moderately wounded.
The gnoll hits you with a +0 flail.
* * * LOW HITPOINT WARNING * * *
You hit the gnoll.
The gnoll is heavily wounded.
The gnoll barely misses you.
You hit the gnoll.
The gnoll is heavily wounded.
The gnoll hits you with a +0 flail!
You die...

Skill      XL: |  1 |
---------------+----+-----
Polearms       | 3 |  3.9
Fighting       | |  2.0
Throwing       | |  1.7
Dodging        | |  2.6

Action                     || total
---------------------------++-------
  Melee: Trident           ||    84
         Punch             ||     1
    Use: Potion            ||     2
 Armour: Leather armour    ||    20
  Dodge: Dodged            ||    41

Levels and vault maps discovered:
D:1:      nzn_arrival_settlement, layout_loops_ring, serial_shops,
          nicolae_diamond_shop, nicolae_nh_oracle_at_delphi
D:2:      layout_basic, uniq_natasha

Notes
Turn   | Place    | Note
-------+----------+-------------------------------------------
     0 | D:1      | demibob the Demonspawn Gladiator began the quest for the
                  | Orb.
     0 | D:1      | Reached XP level 1. HP: 16/16 MP: 1/1
   156 | D:1      | Reached skill level 3 in Polearms
   172 | D:1      | Found The Oracle's Delphic Readings.
   225 | D:1      | Found Yroon's Distillery.
   234 | D:1      | Gained mutation: You are partially covered in slimy green
                  | scales. (AC +2) [demonic ancestry]
   234 | D:1      | Reached XP level 2. HP: 21/22 MP: 2/2
   757 | D:2      | Gained mutation: You sometimes gain a little power by
                  | taking damage. [demonic ancestry]
   757 | D:2      | Reached XP level 3. HP: 17/27 MP: 3/3
   771 | D:1      | HP: 1/27 [gnoll/+0 flail (5)]
   773 | D:1      | Mangled by a gnoll

Vanquished Creatures
  2 gnolls (D:2)
  4 goblins (D:1)
  A hobgoblin (D:1)
  2 kobolds (D:1)
  2 ball pythons (D:1)
  A bat (D:1)
  3 frilled lizards (D:1)
  2 rats (D:1)
17 creatures vanquished.

Table legend: (Time is in decaauts)
 A = Elapsed time spent in this place.
 B = Non-inter-level travel time spent in this place.
 C = Inter-level travel time spent in this place.
 D = Time resting spent in this place.
 E = Time spent auto-exploring this place.
 F = Levels seen in this place.
 G = Mean time per level.
                   A        B        C        D        E       F      G
               +--------+--------+--------+--------+--------+-----+--------+
         Total |    783 |    769 |     14 |      0 |    616 |   2 |  391.5 |
       Dungeon |    783 |    769 |     14 |      0 |    616 |   2 |  391.5 |
               +--------+--------+--------+--------+--------+-----+--------+

Top non-repeatable levels by time:
     D:1: 745 daAuts
     D:2: 38 daAuts

Table legend:
 A = Non-vault XP
 B = Vault XP
 C = Vault XP percentage of total XP
 D = Non-vault monster count
 E = Vault monster count
 F = Vault count percentage of total count
                 A         B        C        D         E       F
            +---------+---------+-------+---------+---------+-------
      Total |      48 |       2 |   4.0 |      15 |       2 |  11.8
            +---------+---------+-------+---------+---------+-------
        D:1 |      18 |       2 |  10.0 |      13 |       2 |  13.3
        D:2 |      30 |       0 |   0.0 |       2 |       0 |   0.0
            +---------+---------+-------+---------+---------+-------
